 Dungeon Crawl Stone Soup version 0.29-a0-422-gafbd6decc1 (webtiles) character file.

Game seed: 5129172010632835994

814 loir the Magician (level 8, -9/58 HPs)
             Began as a Djinni Fire Elementalist on May 18, 2022.
             Mangled by Duvessa
             ... wielding a +0 short sword
              (14 damage)
             ... on level 4 of the Dungeon.
             The game lasted 00:16:16 (4499 turns).

loir the Magician (Djinni Fire Elementalist)        Turns: 4499, Time: 00:16:17

Health: -9/58      AC:  3    Str:  7    XL:     8   Next: 15%
Gold:   190        EV: 12    Int: 20    God:
                   SH:  0    Dex: 13

rFire   + + +      SeeInvis .   f - +11 broad axe "Cuugh" {holy, rF+}
rCold   x . .      Faith    .   (no shield)
rNeg    . . .      Spirit   .   a - +0 robe
rPois   ∞          Reflect  .   (no helmet)
rElec   .          Harm     .   c - +0 cloak
rCorr   .          Rampage  .   (no gloves)
Will    .....                   (boots unavailable)
Stlth   ++........              (no amulet)
HPRegen 0.19/turn               (no ring)
MPRegen 0.00/turn               (no ring)

@: flying
A: sickness immunity, fire resistance 2, cold vulnerability 1, float, innate
caster, HP casting, extra vitality 1
a: no special abilities


You were on level 4 of the Dungeon.
You visited 1 branch of the dungeon, and saw 4 of its levels.
You also visited: Sewer.

You collected 190 gold pieces.

Inventory:

Hand Weapons
 f - the +11 broad axe "Cuugh" (weapon) {holy, rF+}
   (You acquired it in a sewer)

   It has been blessed by the Shining One to cause great damage to the undead
   and demons.
   rF:        It protects you from fire.
 l - a +0 flail of pain
 s - a +3 scythe of holy wrath
Missiles
 d - 112 stones
 r - 10 poisoned darts
Armour
 a - a +0 robe (worn)
 c - a +0 cloak (worn)
Scrolls
 b - 2 scrolls of identify
 h - 4 scrolls of torment {unknown}
 i - a scroll of silence {unknown}
 k - a scroll of teleportation {unknown}
 o - 2 scrolls of enchant armour {unknown}
Potions
 e - a potion of curing
 g - 2 potions of berserk rage
 j - a potion of haste
 m - a potion of resistance
 n - a potion of magic
 p - a potion of invisibility {unknown}
 q - a potion of brilliance {unknown}


   Skills:
 + Level 4.7 Fighting
 - Level 2.1 Dodging
 - Level 1.5 Stealth
 * Level 5.9 Spellcasting


You couldn't memorise any spells.
You knew the following spells:

 Your Spells              Type           Power      Damage    Failure   Level
a - Foxfire               Conj/Fire      100%       2x1d9     1%          1
b - Scorch                Fire           58%        2d8       1%          2
c - Conjure Flame         Conj/Fire      29%        6-21      2%          3
d - Inner Flame           Hex/Fire       29%        N/A       2%          3
e - Flame Wave            Conj/Fire      29%        2d8       9%          4
f - Beastly Appendage     Tmut           58%        N/A       1%          1
g - Wereblood             Tmut           29%        N/A       1%          2
h - Tukima's Dance        Hex            29%        N/A       2%          3
Your spell library was empty.

Dungeon Overview and Level Annotations

Branches:
Dungeon (4/15)              Sewer (visited)
 Temple: D:4-7

Altars:

Annotations:
D:3 3 runed translucent doors, b0nj0m0n's ghost, amateur DENe
D:4 Duvessa


Innate Abilities, Weirdness & Mutations

You are immune to sickness and miasma.
You are immune to poison.
Your flesh is very heat resistant. (rF++)
You are vulnerable to cold. (rC-)
You float through the air rather than walking.
You learn spells naturally, not from books.
Your magical power is your life essence.
You have superior vitality. (+4 MHP)


Message History

Duvessa is lightly wounded.
Casting: Foxfire (safe; 1% risk of failure)
Confirm with . or Enter, or press ? or * to list all spells.
Flames lash Dowan.
Dowan is lightly wounded.
Dowan's fire resistance burns away.
The foxfire hits Duvessa.
Duvessa is lightly wounded.
The foxfire hits Duvessa but does no damage.
Duvessa is lightly wounded.
Duvessa drinks a potion.
Duvessa suddenly seems more resistant.
Casting: Scorch (safe; 1% risk of failure)
Confirm with . or Enter, or press ? or * to list all spells.
Flames lash Dowan.
Dowan is burned terribly!
Dowan is almost dead.
Duvessa misses you. Dowan hits you with a +0 dagger.
Casting: Scorch (safe; 1% risk of failure)
Confirm with . or Enter, or press ? or * to list all spells.
Flames lash Dowan.
Dowan is burned terribly!
You kill Dowan!
Duvessa screams in rage.
Duvessa goes berserk!
Duvessa hits you with a +0 short sword! Duvessa completely misses you.
Casting: Scorch (safe; 1% risk of failure)
Confirm with . or Enter, or press ? or * to list all spells.
Flames lash Duvessa.
Duvessa resists.
Duvessa is lightly wounded.
Duvessa's fire resistance burns away.
Duvessa hits you with a +0 short sword!!
* * * LOW HITPOINT WARNING * * *
You slash Duvessa!
Duvessa is moderately wounded.
Duvessa closely misses you. Duvessa barely misses you. x2
You barely miss Duvessa.
Duvessa is moderately wounded.
Duvessa is no longer more vulnerable to fire.
Duvessa hits you with a +0 short sword.
* * * LOW HITPOINT WARNING * * *
Duvessa misses you. Duvessa hits you with a +0 short sword!
You die...

..............###
#####.#..##...#
......##.##...#
########..#...#
##.#..## #.#..#.
#....#e#########
##...#.#.......#
###...#'#@#####...
#.......e.#
#.......).#####
#.............#
####.>#.#####.#
#.##.# #.##.#
#.##.# #.##.#


You could see Duvessa (berserk, resistant).

Vanquished Creatures
  Grinder (D:4)
  Sigmund (D:4)
  4 wights (D:4)
  Dowan (D:4)
  2 iguanas (D:4)
  A hell rat (Sewer)
  An adder (D:4)
  4 river rats
  2 worms
  A dart slug (D:4)
  5 bats
  5 endoplasms
  5 giant cockroaches
  5 goblins
  7 hobgoblins
  11 jackals (D:2)
  5 quokkas
  A frilled lizard (D:2)
  6 kobolds
  9 rats
77 creatures vanquished.

Vanquished Creatures (others)
  309 foxfires
309 creatures vanquished.

Grand Total: 386 creatures vanquished

Notes
Turn   | Place    | Note
-------+----------+-------------------------------------------
     0 | D:1      | loir the Djinni Fire Elementalist began the quest for the
                  | Orb.
     0 | D:1      | Reached XP level 1. HP: 15/15 MP: 0/0
     6 | D:1      | Noticed a water moccasin
     6 | D:1      | Noticed a wyvern
     6 | D:1      | Noticed a swamp worm
     7 | D:1      | Noticed a black bear
   279 | D:1      | Reached XP level 2. HP: 20/22 MP: 0/0
   783 | D:1      | Reached skill level 1 in Fighting
  1307 | D:2      | Reached XP level 3. HP: 25/27 MP: 0/0
  1307 | D:2      | Learned a level 1 spell: Beastly Appendage
  1309 | D:2      | Reached skill level 3 in Spellcasting
  1618 | D:2      | You are sucked into a shaft and drop 1 floor!
  1674 | D:3      | Found a runed translucent gate.
  1675 | D:3      | Found a runed translucent gate.
  1676 | D:3      | Found a runed translucent gate.
  1678 | D:3      | Noticed b0nj0m0n's ghost (amateur DENe)
  2073 | D:3      | Reached XP level 4. HP: 26/33 MP: 0/0
  2081 | D:3      | Found a glowing drain.
  2086 | Sewer    | Entered a sewer
  2442 | Sewer    | Reached XP level 5. HP: 27/38 MP: 0/0
  2442 | Sewer    | Learned a level 2 spell: Wereblood
  2557 | Sewer    | Identified a scroll of acquirement
  2557 | Sewer    | Acquired the +11 broad axe "Cuugh" {holy, rF+}
  2783 | D:2      | Found a faded altar of an unknown god.
  3464 | D:4      | Reached skill level 4 in Spellcasting
  3470 | D:4      | Reached XP level 6. HP: 17/45 MP: 0/0
  3672 | D:4      | Reached XP level 7. HP: 28/50 MP: 0/0
  3672 | D:4      | Learned a level 3 spell: Tukima's Dance
  3850 | D:4      | Noticed Grinder
  3858 | D:4      | Killed Grinder
  3859 | D:4      | Reached skill level 5 in Spellcasting
  3986 | D:4      | Noticed Sigmund
  3993 | D:4      | Killed Sigmund
  3994 | D:4      | Reached XP level 8. HP: 50/58 MP: 0/0
  4489 | D:4      | Noticed Duvessa
  4489 | D:4      | Noticed Dowan
  4495 | D:4      | Killed Dowan
  4499 | D:4      | Mangled by Duvessa

Illustrated notes

Levels and vault maps discovered:
D:1:      onia_arrival_zoo_common, layout_basic, minivault_19
D:2:      layout_rooms, nicolae_ecumenical_pavilion
D:3:      layout_rooms, gammafunk_ghost_necromancy, gup_sewer_entry_bowl,
          chequers_serial_rivers_micro_b, kennysheep_generic_room_5
D:4:      layout_basic, kennysheep_diamond, uniq_duvessa, uniq_grinder,
          uniq_sigmund

Skill      XL: |  1  2  3  4  5  6  7 |
---------------+----------------------+-----
Fighting       | 1 2 3 4 |  4.7
Spellcasting   | 3 4 5 |  5.9
Dodging        | |  2.1
Stealth        | |  1.5

Action                   |  1- 3 |  4- 6 |  7- 9 || total
-------------------------+-------+-------+-------++-------
Melee: Unarmed           |     2 |     1 |       ||     3
       Broad axe         |       |     7 |     3 ||    10
 Cast: Foxfire           |    83 |    81 |    19 ||   183
       Scorch            |       |     6 |     8 ||    14
       Conjure Flame     |       |       |     1 ||     1
  Use: Scroll            |     4 |     4 |       ||     8
Armor: Robe              |     4 |     2 |     1 ||     7
Dodge: Dodged            |     7 |    11 |     8 ||    26

Table legend: (Time is in decaauts)
 A = Elapsed time spent in this place.
 B = Non-inter-level travel time spent in this place.
 C = Inter-level travel time spent in this place.
 D = Time resting spent in this place.
 E = Time spent auto-exploring this place.
 F = Levels seen in this place.
 G = Mean time per level.
                   A        B        C        D        E       F      G
               +--------+--------+--------+--------+--------+-----+--------+
         Total |   4503 |   4411 |     92 |    357 |   3561 |   5 |  900.6 |
       Dungeon |   4006 |   3914 |     92 |    357 |   3139 |   4 | 1001.5 |
         Sewer |    497 |    497 |      0 |      0 |    422 |   1 |  497.0 |
               +--------+--------+--------+--------+--------+-----+--------+

Top non-repeatable levels by time:
     D:1: 1303 daAuts
     D:4: 1195 daAuts
     D:2: 877 daAuts
     D:3: 630 daAuts
   Sewer: 497 daAuts
